 Dungeon Crawl Stone Soup version 0.18-a0-337-g1235303 (webtiles) character file.

9 Duffy the Insei (level 2, 0/24 HPs)
             Began as a Demonspawn Monk on Nov 29, 2015.
             Slain by a giant newt (1 damage)
             ... on level 1 of the Dungeon.
             The game lasted 00:00:18 (194 turns).

Duffy the Insei (Demonspawn Monk)                    Turns: 194, Time: 00:00:18

Health: 0/24       AC:  2    Str: 11    XL:     2   Next: 3%
Magic:  2/2        EV: 13    Int: 11    God:
Gold:   27         SH:  0    Dex: 15    Spells: 0 memorised, 1 level left

rFire  . . .     SeeInvis .       - Unarmed
rCold  . . .     Clarity  .     a - +0 robe
rNeg   . . .     SustAt   .     (no shield)
rPois  .         Gourm    .     (no helmet)
rElec  .         Spirit   .     (no cloak)
rCorr  .         Warding  .     (no gloves)
rMut   .         Stasis   .     (no boots)
MR     .....                    (no amulet)
Stlth  ++........               (no ring)
                                (no ring)

@: not resistant to hostile enchantments, unstealthy
A: hooves 1
a: no special abilities


You were on level 1 of the Dungeon.
You were not hungry.

You visited 1 branch of the dungeon, and saw 1 of its levels.

You collected 27 gold pieces.


Innate Abilities, Weirdness & Mutations

You have large cloven feet.


   Skills:
 - Level 3.0 Fighting
 - Level 2.6 Dodging
 - Level 1.7 Stealth
 + Level 4.0 Unarmed Combat


You had one spell level left.
You didn't know any spells.

Inventory:

Armour
 a - a +0 robe (worn)
Scrolls
 c - a scroll of immolation {unknown}
 f - a scroll of teleportation {unknown}
Potions
 e - a potion of cancellation {unknown}
Comestibles
 b - 2 bread rations
 d - 4 fruits

Dungeon Overview and Level Annotations

Branches:
Dungeon (1/15)

Altars:
Okawaru


Message History

The bat hits you but does no damage. The giant newt bites you.
The bat hits you. The giant newt bites you. The bat barely misses you.
The giant newt barely misses you. The bat closely misses you.
The giant newt misses you. The bat misses you.
The bat hits you but does no damage. The giant newt completely misses you.
The bat hits you but does no damage. The giant newt bites you.
The bat closely misses you. The giant newt misses you.
The bat hits you but does no damage. The giant newt closely misses you.
The bat hits you but does no damage. The bat closely misses you.
The giant newt closely misses you. The bat misses you.
The giant newt closely misses you. The bat barely misses you.
The giant newt misses you. The bat hits you but does no damage.
The giant newt barely misses you. The bat hits you.
The giant newt closely misses you. The bat closely misses you.
The giant newt misses you. The bat hits you but does no damage. x2
The giant newt closely misses you. The bat hits you. The giant newt bites you.
The bat barely misses you. The giant newt closely misses you.
The bat closely misses you. x2
The giant newt bites you but does no damage.
The bat closely misses you. The bat barely misses you.
The giant newt bites you. The bat misses you. The bat completely misses you.
The bat completely misses you. The giant newt closely misses you.
The bat misses you. The giant newt completely misses you.
The bat hits you but does no damage. The bat closely misses you.
The giant newt closely misses you. The bat misses you.
The bat completely misses you. The giant newt barely misses you.
The bat barely misses you. The giant newt barely misses you.
The bat barely misses you. The giant newt closely misses you.
The bat hits you but does no damage. The giant newt bites you.
You die...

##...###...####.#
##...#...## #
##.....## #.##.##
.######....#
........####
######..# #.%#
#.@# #bl# #..#
#..# .... ##..#
#... ##.#


You could see a bat and a giant newt.

Action                   || total
-------------------------++-------
Melee: Unarmed           ||    21

Notes
Turn   | Place    | Note
--------------------------------------------------------------
     0 | D:1      | Duffy the Demonspawn Monk began the quest for the Orb.
     0 | D:1      | Reached XP level 1. HP: 18/18 MP: 1/1
    48 | D:1      | Found an iron altar of Okawaru.
    54 | D:1      | Reached skill level 4 in Unarmed Combat
   137 | D:1      | Gained mutation: You have large cloven feet. [demonic ancestry]
   137 | D:1      | Reached XP level 2. HP: 18/24 MP: 2/2
   194 | D:1      | Slain by a giant newt

Vault maps used:
D:1:      minmay_arrival_radiant_lines, minivault_14, okawaru_ov_weapons_minmay

Vanquished Creatures
  2 hobgoblins
  2 kobolds
  A ball python
  A giant gecko
  3 goblins
9 creatures vanquished.
